 Dungeon Crawl Stone Soup version 0.31-a0-1597-ge7908ec (webtiles) character file.

Game seed: 17915972942214689424

744 PidgeyThePirate the Ruffian (level 7, -8/60 HPs)
             Began as a Ghoul Monk on Jan 7, 2024.
             Mangled by an ogre
             ... wielding a +0 giant club
              (18 damage)
             ... on level 4 of the Dungeon.
             The game lasted 00:04:58 (2389 turns).

PidgeyThePirate the Ruffian (Ghoul Monk)            Turns: 2389, Time: 00:04:59

Health: -8/60      AC: 12    Str: 17    XL:     7   Next: 76%
Magic:  7/7        EV:  5    Int:  9    God:
Gold:   257        SH:  0    Dex: 11    Spells: 6/6 levels left

rFire   . .          .
                       - Unarmed
rCold   + . .        c - orb {light}
rNeg    + + +        f - +0 plate armour
rPois   ∞            (no helmet)
rElec   .            (no cloak)
rCorr   .            (no gloves)
SInv    .            m - +0 pair of boots
Will    +....        (no amulet) Stlth
                     n - ring of willpower
HPRegen 0.00/turn    (no ring)
MPRegen 0.10/turn

%: no passive effects
@: inhibited regen, glowing
A: claws 1, cold resistance 1, negative energy resistance 3, inhibited
regeneration, torment resistance 2, devour on kill
a: no special abilities


You were on level 4 of the Dungeon.
You visited 1 branch of the dungeon, and saw 4 of its levels.

You collected 257 gold pieces.

Inventory:

Armour
 a - a +0 robe
 c - an orb of light (worn)
 e - a +0 leather armour
 f - a +0 plate armour (worn)
 m - a +0 pair of boots (worn)
Jewellery
 n - a ring of willpower (left claw)
Wands
 b - a wand of paralysis (7)
Scrolls
 d - 4 scrolls of identify {unknown}
 h - a scroll of enchant armour {unknown}
 i - a scroll of teleportation {unknown}
 j - a scroll of fog {unknown}
 o - 2 scrolls of torment {unknown}
 p - 2 scrolls of revelation {unknown}
 q - a scroll of fear {unknown}
 r - a scroll of amnesia {unknown}
 s - a scroll of noise {unknown}
 t - a scroll of blinking {unknown}
Potions
 u - a potion of degeneration {unknown}


   Skills:
 + Level 4.5 Fighting
 + Level 2.9 Armour
 + Level 3.4 Dodging
 + Level 0.3 Stealth
 + Level 7.9 Unarmed Combat


You had 6 spell levels left.
You didn't know any spells.
Your spell library contained the following spells:

 Spells                   Type           Power      Damage    Failure   Level
 Slow                     Hex            0%         N/A       100%        1
 Confusing Touch          Hex            0%         N/A       100%        3
 Sigil of Binding         Hex            0%         N/A       100%        3
 Vampiric Draining        Necr           0%         2d6       100%        3


Dungeon Overview and Level Annotations

Branches:
Dungeon (4/15)
 Temple: D:4-7

Altars:


Innate Abilities, Weirdness & Mutations

You are immune to poison.
You have sharp fingernails.
Your flesh is cold resistant. (rC+)
You are immune to negative energy. (rN+++)
You do not regenerate when monsters are visible.
You are immune to unholy pain and torment.
You thrive by killing the living.


Message History

The orc is heavily wounded.
The orc hits you but does no damage.
You claw the orc!
You kill the orc!
The bombardier beetle bites you but does no damage.
You claw the bombardier beetle!
The bombardier beetle is almost dead.
You scratch the bombardier beetle.
The bombardier beetle is almost dead.
The bombardier beetle waves its antennae.
The bombardier beetle bites you but does no damage.
You scratch the bombardier beetle.
You kill the bombardier beetle!
A goblin comes into view. It is wielding a +0 dagger.
A goblin is nearby!
The goblin hits you but does no damage.
You scratch the goblin.
You kill the goblin!
Things that are here:
a +0 dagger; a goblin corpse
d - 4 scrolls labelled MIFFENOGUDD (gained 1)
An ogre comes into view. It is wielding a +0 giant club.
The ogre shouts!
An ogre is nearby!
Found 12 gold pieces and a ring mail.
The ogre hits you with a +0 giant club!!
You scratch the ogre but do no damage. You claw the ogre!
The ogre is heavily wounded.
The ogre closely misses you.
You barely miss the ogre.
The ogre is heavily wounded.
The ogre hits you with a +0 giant club!!
* * * LOW HITPOINT WARNING * * *
You scratch the ogre.
The ogre is severely wounded.
You scratch the ogre.
The ogre is almost dead.
The ogre hits you with a +0 giant club!!
You die...

............####......##
#...........###.........
#................)......
..........##.....)).....
..........##..).........
$.......##....##........
.........##...##....†...
..>......##.............
.......@....#...........
.......O....#.#.####....
...........####.# .....
....##......# #.# .....
##.# #........ ..... ##
.......... ..##....$[
... ..#...


You could see an ogre.

Vanquished Creatures
  Sigmund (D:4)
  Edmund (D:3)
  Duvessa (D:3)
  An ogre (D:4)
  Dowan (D:3)
  A bombardier beetle (D:4)
  3 hounds (D:4)
  Ijyb (D:4)
  An adder (D:3)
  3 dart slugs
  6 orcs
  5 bats
  5 endoplasms
  A giant cockroach (D:3)
  7 goblins
  4 hobgoblins
  5 kobolds
  3 quokkas
  5 ball pythons
  6 frilled lizards
  4 rats
65 creatures vanquished.

Notes
Turn   | Place    | Note
-------+----------+-------------------------------------------
     0 | D:1      | PidgeyThePirate the Ghoul Monk began the quest for the Orb.
     0 | D:1      | Reached XP level 1. HP: 19/19 MP: 1/1
   143 | D:1      | Reached XP level 2. HP: 26/26 MP: 2/2
   824 | D:2      | Reached XP level 3. HP: 33/33 MP: 3/3
  1329 | D:3      | Found a faded altar of an unknown god.
  1460 | D:3      | Reached skill level 4 in Unarmed Combat
  1573 | D:3      | Reached XP level 4. HP: 40/40 MP: 4/4
  1800 | D:4      | Noticed Sigmund
  1807 | D:4      | Killed Sigmund
  1808 | D:4      | Reached skill level 1 in Armour
  1808 | D:4      | Reached skill level 5 in Unarmed Combat
  1808 | D:4      | Reached XP level 5. HP: 39/46 MP: 5/5
  1808 | D:4      | Reached XP level 6. HP: 44/52 MP: 6/6
  1811 | D:4      | Noticed Duvessa
  1812 | D:4      | Noticed Dowan
  1815 | D:4      | Noticed Edmund
  1847 | D:3      | Killed Duvessa
  1848 | D:3      | Reached skill level 6 in Unarmed Combat
  1852 | D:3      | Killed Dowan
  1985 | D:3      | Killed Edmund
  1986 | D:3      | Reached skill level 7 in Unarmed Combat
  1986 | D:3      | Reached XP level 7. HP: 9/59 MP: 7/7
  2178 | D:4      | Noticed Ijyb
  2194 | D:4      | Paralysed by Ijyb for 5 turns
  2202 | D:4      | Killed Ijyb
  2389 | D:4      | Mangled by an ogre

Illustrated notes

Levels and vault maps discovered:
D:1:      lemuel_arrival_muddy, layout_loops_cross, minmay_heptomino_o4
D:2:      layout_rooms, minmay_misc_feat_nine_boxes
D:3:      layout_basic, overflow_temple_1_default,
          shapermc_ecumenical_altar_mp_urbaneastern,
          chequers_serial_rivers_small_3, mrwooster_statue_mirror
D:4:      layout_cave_pools, serial_shops, shop, uniq_duvessa, uniq_sigmund,
          uniq_edmund, uniq_ijyb

Skill      XL: |  1  2  3  4  5  6 |
---------------+-------------------+-----
Dodging        | 3 |  3.4
Unarmed Combat | 4 5 7 |  7.9
Armour         | 1 2 |  2.9
Fighting       | 4 |  4.5
Stealth        | |  0.3

Action                     |  1- 3 |  4- 6 |  7- 9 || total
---------------------------+-------+-------+-------++-------
  Melee: Unarmed           |   108 |    46 |    62 ||   216
    Use: Potion            |       |     4 |       ||     4
 Armour: Robe              |     3 |       |       ||     3
         Leather armour    |    15 |       |       ||    15
         Plate armour      |    58 |    57 |    74 ||   189
  Dodge: Dodged            |    51 |    10 |    20 ||    81

Table legend: (Time is in decaauts)
 A = Elapsed time spent in this place.
 B = Non-inter-level travel time spent in this place.
 C = Inter-level travel time spent in this place.
 D = Time resting spent in this place.
 E = Time spent auto-exploring this place.
 F = Levels seen in this place.
 G = Mean time per level.
                   A        B        C        D        E       F      G
               +--------+--------+--------+--------+--------+-----+--------+
         Total |   2376 |   2310 |     66 |      0 |   1650 |   4 |  594.0 |
       Dungeon |   2376 |   2310 |     66 |      0 |   1650 |   4 |  594.0 |
               +--------+--------+--------+--------+--------+-----+--------+

Top non-repeatable levels by time:
     D:3: 929 daAuts
     D:1: 818 daAuts
     D:2: 386 daAuts
     D:4: 242 daAuts
